 Dungeon Crawl Stone Soup version 0.29-a0-214-g17f627cfee (webtiles) character file.

Game seed: 11119505648015733745

70 Hubjo the Sneak (level 4, -3/26 HPs)
             Began as a Vampire Enchanter on Feb 24, 2022.
             Was a Believer of Dithmenos.
             Killed by an exploding orc (10 damage)
             ... ignited by their inner flame
             ... on level 3 of the Dungeon.
             The game lasted 00:06:29 (2755 turns).

Hubjo the Sneak (Vampire Enchanter)                 Turns: 2755, Time: 00:06:31

Health: -3/26      AC:  4    Str:  7    XL:     4   Next: 4%
Magic:  7/7        EV: 13    Int: 17    God:    Dithmenos [**....]
Gold:   76         SH:  0    Dex: 16    Spells: 1/7 levels left

rFire   + . .      SeeInvis +   a - +1 dagger
rCold   + . .      Faith    .   (no shield)
rNeg    + + +      Spirit   .   b - +0 robe
rPois   ∞          Reflect  .   (no helmet)
rElec   .          Harm     .   (no cloak)
rCorr   .          Rampage  .   l - +1 pair of gloves
Will    .....                   (no boots)
Stlth   ++++++....              (no amulet)
HPRegen 0.00/turn               k - ring of fire
MPRegen 0.10/turn               (no ring)

@: mighty, attractive, bloodless, inhibited regen, wreathed by umbra
A: bloodless, fangs 3, see invisible, vampiric 2
a: Bat Form, Revivify, Renounce Religion, Shadow Step


You were on level 3 of the Dungeon.
You worshipped Dithmenos.
Dithmenos was pleased with you.
You visited 1 branch of the dungeon, and saw 3 of its levels.

You collected 76 gold pieces.

Inventory:

Hand Weapons
 a - a +1 dagger (weapon)
Armour
 b - a +0 robe (worn)
 l - a +1 pair of gloves (worn)
Jewellery
 k - a ring of fire (left hand)
Scrolls
 h - a scroll of enchant armour
Potions
 c - a potion of invisibility
 i - a potion of resistance


   Skills:
 * Level 1.7 Fighting
 + Level 1.7 Short Blades
 + Level 2.6 Dodging
 * Level 5.4 Stealth
 - Level 2.0 Spellcasting
 + Level 4.9 Hexes


You had one spell level left.
You knew the following spells:

 Your Spells              Type           Power      Damage    Failure   Level
a - Tukima's Dance        Hex            18%        N/A       8%          3
b - Dazzling Flash        Conj/Hex       20%        N/A       22%         3

Your spell library contained the following spells:

 Spells                   Type           Power      Damage    Failure   Level
 Confusing Touch          Hex            18%        N/A       8%          3
 Ensorcelled Hibernation  Hex/Ice        20%        N/A       11%         2
 Static Discharge         Conj/Air       1%         N/A       28%         2
 Gell's Gravitas          Tloc           1%         N/A       50%         3
 Lesser Beckoning         Tloc           1%         N/A       50%         3
 Teleport Other           Tloc           1%         N/A       50%         3
 Lightning Bolt           Conj/Air       0%         1d11      99%         5
 Maxwell's Capacitive Co  Air            0%         ∞         100%        8


Dungeon Overview and Level Annotations

Branches:
Dungeon (3/15)

Altars:
Dithmenos
Ru

Portals:
Sewer: D:3


Innate Abilities, Weirdness & Mutations

You do not regenerate when monsters are visible.
You are frail without blood (-20% HP).
You can heal yourself when you bite living creatures.
You are immune to poison.
You have razor-sharp teeth.
You have supernaturally acute eyesight. (SInv)
You are afflicted with vampirism and can become a bat while bloodless.


Message History

You are too injured to fight recklessly!
You are too injured to fight recklessly!
The goblin barely misses you.
As you read the scroll labelled FUBEBR QICWORATT, it crumbles to dust.
The creatures around you are filled with an inner flame!
It was a scroll of immolation.
The orc hits you with a +0 falchion.
* * * LOW HITPOINT WARNING * * *
Blink to where?
Press: ? - help, Dir - move target
As you read the scroll of blinking, it crumbles to dust.
It was a potion of might.
You feel very mighty all of a sudden.
It was a potion of attraction.
You feel attractive to monsters. The orc is attracted toward you.
The ball python is attracted toward you.
As you read the scroll labelled WENIGH NEYRAT, it crumbles to dust.
You feel strangely unstable.
It was a scroll of teleportation.
The orc closely misses you.
The ball python is attracted toward you.
The orc is attracted toward you.
Your surroundings suddenly seem different.
Found a chain mail.
Found a glowing drain.
You start resting.
The orc is attracted toward you.
An orc is nearby!
The orc is attracted toward you. The endoplasm is attracted toward you.
The orc is attracted toward you. The endoplasm is attracted toward you.
You barely miss the orc. Your bite misses the orc. You hit the orc.
Flame seeps out of the orc.
The orc is moderately wounded.
The orc is engulfed in blazing flames.
Flame seeps out of the orc.
The orc barely misses you. The endoplasm barely misses you.
You hit the orc.
Flame seeps out of the orc.
The orc is almost dead.
The orc is engulfed in blazing flames.
Dithmenos accepts your kill.
The orc explodes!
The fiery explosion engulfs you! You resist.
You die...

. ^.######### ##
^......#.. ...
.........# ≈≈≈≈
#......§##≈≈≈≈≈
#@○§≈..≈..
#§J§≈.....
#.....≈≈..∩.....
#...#...≈≈.....≈≈)
..#
#...≈≈.....≈≈.. .
#...##≈≈§≈§ #.w.
##..# ≈≈.≈≈ ...###
##.. ........#....
#.[...§##.......)


You could see an endoplasm.

Vanquished Creatures
  2 adders
  2 dart slugs
  2 orcs (D:3)
  7 bats
  7 endoplasms (D:1)
  2 giant cockroaches (D:1)
  A goblin (D:2)
  2 hobgoblins (D:1)
  3 jackals (D:1)
  A quokka (D:1)
  A ball python (D:1)
  3 frilled lizards
  8 kobolds
  6 rats
  2 bushes (D:2)
49 creatures vanquished.

Vanquished Creatures (others)
  7 plants (D:2)
7 creatures vanquished.

Grand Total: 56 creatures vanquished

Notes
Turn   | Place    | Note
-------+----------+-------------------------------------------
     0 | D:1      | Hubjo the Vampire Enchanter began the quest for the Orb.
     0 | D:1      | Reached XP level 1. HP: 13/13 MP: 3/3
   105 | D:1      | Found a faded altar of an unknown god.
   132 | D:1      | Reached XP level 2. HP: 20/20 MP: 5/5
   199 | D:1      | Prayed at the altar of an unknown god.
   199 | D:1      | Became a worshipper of Dithmenos the Shadowed
   199 | D:1      | Reached * piety under Dithmenos
   280 | D:1      | Reached skill level 1 in Fighting
   309 | D:1      | Reached skill level 5 in Stealth
   742 | D:1      | Gained mutation: You are afflicted with vampirism and can
                  | become a bat while bloodless. [Vampire growth]
   742 | D:1      | Reached XP level 3. HP: 19/20 MP: 6/6
  1516 | D:2      | Reached ** piety under Dithmenos
  1750 | D:2      | Learned a level 3 spell: Tukima's Dance
  1754 | D:2      | Learned a level 3 spell: Dazzling Flash
  2533 | D:3      | Found a faded altar of an unknown god.
  2538 | D:3      | Found a sacrificial altar of Ru.
  2558 | D:3      | Reached XP level 4. HP: 17/26 MP: 7/7
  2743 | D:3      | Found a glowing drain.
  2755 | D:3      | Killed by an exploding orc... ignited by their inner flame

Illustrated notes

Levels and vault maps discovered:
D:1:      minmay_arrival_nine_rooms, layout_loops_cross,
          hellmonk_ecumenical_altar_lost_god
D:2:      layout_basic, minmay_misc_feat_encased, lexackson_kobold_supper
D:3:      layout_rooms, mainiacjoe_overflow_alcove_4,
          nicolae_overflow_ecumenical_swirl, grunt_qazlal_sundering,
          cheibrodos_sewer_entry_sluice, uniq_terence

Skill      XL: |  1  2 |
---------------+-------+-----
Fighting       | 1 |  1.7
Stealth        | 5 |  5.4
Short Blades   | |  1.7
Dodging        | |  2.6
Spellcasting   | |  2.0
Hexes          | |  4.9

Action                   |  1- 3 |  4- 6 || total
-------------------------+-------+-------++-------
Melee: Dagger            |   557 |    15 ||   572
       Bite              |   109 |     1 ||   110
       Punch             |    10 |       ||    10
 Abil: Exsanguinate      |     1 |       ||     1
  Use: Scroll            |     3 |     3 ||     6
       Potion            |       |     2 ||     2
 Stab: Sleeping          |    18 |       ||    18
Armor: Robe              |    13 |     1 ||    14
Dodge: Dodged            |    38 |    27 ||    65

Table legend: (Time is in decaauts)
 A = Elapsed time spent in this place.
 B = Non-inter-level travel time spent in this place.
 C = Inter-level travel time spent in this place.
 D = Time resting spent in this place.
 E = Time spent auto-exploring this place.
 F = Levels seen in this place.
 G = Mean time per level.
                   A        B        C        D        E       F      G
               +--------+--------+--------+--------+--------+-----+--------+
         Total |   2706 |   2564 |    142 |    225 |   1574 |   3 |  902.0 |
       Dungeon |   2706 |   2564 |    142 |    225 |   1574 |   3 |  902.0 |
               +--------+--------+--------+--------+--------+-----+--------+

Top non-repeatable levels by time:
     D:2: 1220 daAuts
     D:1: 1184 daAuts
     D:3: 301 daAuts
